 Dungeon Crawl Stone Soup version 0.23.2-40-g277498a001 (webtiles) character file.

Game seed: 16399059119148754673

1238 Martska the Cleaver (level 8, -5/70 HPs)
             Began as a Minotaur Berserker on Sept 29, 2019.
             Was a Priest of Trog.
             Slain by Erica
             ... wielding a +2 scimitar of flaming
              (14 damage)
             ... on level 8 of the Dungeon.
             The game lasted 00:11:19 (5083 turns).

Martska the Cleaver (Minotaur Berserker)            Turns: 5083, Time: 00:11:19

Health: -5/70      AC:  9    Str: 23    XL:     8   Next: 25%
Magic:  7/7        EV: 12    Int:  4    God:    Trog [***...]
Gold:   132        SH:  0    Dex: 11    Spells: 7/7 levels left

rFire    . . .     SeeInvis .   a - +0 hand axe
rCold    . . .     Gourm    .   (no shield)
rNeg     . . .     Faith    .   l - +0 scale mail
rPois    .         Spirit   .   (helmet restricted)
rElec    .         Reflect  .   (no cloak)
rCorr    .         Harm     .   g - +0 pair of gloves
MR       ++...                  (no boots)
Stlth    ..........             (no amulet)
HPRegen  1.21/turn              (no ring)
MPRegen  0.10/turn              (no ring)

@: lethally poisoned (-5 -> -5), regenerating
A: retaliatory headbutt, horns 2
a: Berserk, Trog's Hand, Renounce Religion


You were on level 8 of the Dungeon.
You worshipped Trog.
Trog was most pleased with you.
You were very full.

You visited 1 branch of the dungeon, and saw 6 of its levels.

You collected 132 gold pieces.

Inventory:

Hand Weapons
 a - a +0 hand axe (weapon)
Missiles
 x - 18 arrows
 F - 20 bolts
Armour
 b - a +0 animal skin
 d - a +0 ring mail
 g - a +0 pair of gloves (worn)
 l - a +0 scale mail (worn)
 y - the cursed +0 ring mail "Deedoenou" {rCorr Str+2 Int+5, unknown}
   (You found it on level 4 of the Dungeon)

   It affects your strength (+2).
   It affects your intelligence (+5).
   It provides partial protection from all sources of acid and corrosion.
   It has a curse placed upon it.
 B - a +0 scale mail
 E - a +0 chain mail
Wands
 C - a wand of paralysis (6)
Scrolls
 f - 5 scrolls of identify {unknown}
 h - 2 scrolls of fog {unknown}
 j - a scroll of fear {unknown}
 p - a scroll of noise {unknown}
 q - 2 scrolls of amnesia {unknown}
 t - a scroll of enchant weapon {unknown}
 u - 5 scrolls of teleportation {unknown}
 v - 2 scrolls of random uselessness {unknown}
 w - a scroll of remove curse {unknown}
Potions
 e - a potion of resistance {unknown}
 i - a potion of brilliance {unknown}
 k - a potion of berserk rage {unknown}
 m - 3 potions of haste {unknown}
 n - a potion of magic {unknown}
 o - 3 potions of curing {unknown}
 r - a potion of degeneration {unknown}
 s - a potion of ambrosia {unknown}
 z - 2 potions of flight {unknown}
 A - a potion of mutation {unknown}
 D - a potion of invisibility {unknown}
Comestibles
 c - 7 rations


   Skills:
 + Level 5.8 Fighting
 + Level 8.2 Axes
 + Level 7.1 Armour
 + Level 4.5 Dodging
 + Level 0.6 Stealth


You had 7 spell levels left.
You didn't know any spells.
Your spell library was empty.

Dungeon Overview and Level Annotations

Branches:
Dungeon (5/15)
 Temple: D:4-7

Altars:
Hepliaklqana

Shops:
D:4 *

Annotations:
D:8 Erica


Innate Abilities, Weirdness & Mutations

You reflexively headbutt those who attack you in melee.
You have a pair of horns on your head.


Message History

You barely miss the orc. You headbutt the orc.
The orc is almost dead.
You hit something.
You feel sick. The orc hits you but does no damage.
You slash the orc!
You kill the orc!
Trog accepts your kill.
You barely miss something. Something hits you. Something burns you.
You feel sick. Something hits you!
* * * LOW HITPOINT WARNING * * *
Something burns you.
* * * LOW HITPOINT WARNING * * *
Things that are here:
a +0 dagger; an orc corpse You closely miss something.
You feel sick. Something hits you.
* * * LOW HITPOINT WARNING * * *
Something burns you.
* * * LOW HITPOINT WARNING * * *
You closely miss something. Your headbutt misses something.
You feel sick. Something hits you!
You die...

.. #..# ## #..#
## #..#
...####..#
#......>#
.#####...##
.........#######
#.#####.)[.......
........@)..#####
..###.##.#..# #.
#.#..# . .....# #
##.#..# #.#..#
.....# ..# .#


There were no monsters in sight!

Vanquished Creatures
  A hippogriff (D:8)
  A sky beast (D:8)
  An ogre (D:4)
  2 phantoms
  6 killer bees (D:8)
  2 orc priests (D:3)
  Crazy Yiuf (D:2)
  A hound (D:4)
  A jelly (D:8)
  Terence (D:2)
  An iguana (D:8)
  A worker ant (D:4)
  Robin (D:2)
  A worker ant zombie (D:8)
  9 adders
  An ooze (D:2)
  3 worms
  3 leopard geckos
  11 orcs
  2 ball pythons
  5 giant cockroaches
  20 goblins
  19 hobgoblins
  3 jackals
  2 quokkas (D:3)
  5 bats
  5 frilled lizards
  10 kobolds
  A leopard gecko zombie (D:3)
  8 rats
128 creatures vanquished.

Notes
Turn   | Place    | Note
-------+----------+-------------------------------------------
     0 | D:1      | Martska the Minotaur Berserker began the quest for the Orb.
     0 | D:1      | Reached XP level 1. HP: 19/19 MP: 0/0
    87 | D:1      | Reached XP level 2. HP: 27/27 MP: 1/1
   112 | D:1      | Reached skill level 4 in Axes
  1497 | D:2      | Noticed Robin
  1498 | D:2      | Reached XP level 3. HP: 33/33 MP: 2/2
  1502 | D:2      | Reached ** piety under Trog
  1510 | D:2      | Killed Robin
  1645 | D:2      | Reached XP level 4. HP: 41/41 MP: 3/3
  1680 | D:2      | Found a runed translucent door.
  1681 | D:2      | Noticed Crazy Yiuf
  1853 | D:2      | Noticed Terence
  1864 | D:2      | Killed Terence
  2020 | D:2      | Reached skill level 5 in Axes
  2047 | D:2      | Reached XP level 5. HP: 43/47 MP: 4/4
  2383 | D:2      | Killed Crazy Yiuf
  2521 | D:3      | Reached *** piety under Trog
  2692 | D:3      | Reached skill level 6 in Axes
  2692 | D:3      | Reached XP level 6. HP: 53/53 MP: 5/5
  3675 | D:4      | Found Elidd's General Store.
  3786 | D:4      | Got a warped ring mail
  4001 | D:4      | Reached skill level 5 in Fighting
  4001 | D:4      | Reached skill level 7 in Axes
  4001 | D:4      | Reached skill level 5 in Armour
  4001 | D:4      | Reached XP level 7. HP: 61/61 MP: 6/6
  4464 | D:5      | Entered Level 5 of the Dungeon
  4500 | D:5      | You fall through a shaft for 3 floors!
  4554 | D:8      | Noticed a hippogriff
  4569 | D:8      | Killed a hippogriff
  4729 | D:8      | Found a hazy altar of Hepliaklqana.
  4752 | D:8      | Reached XP level 8. HP: 61/69 MP: 7/7
  4754 | D:8      | Reached skill level 8 in Axes
  5063 | D:8      | Noticed Erica
  5083 | D:8      | Slain by Erica

Skill      XL: |  1  2  3  4  5  6  7  8 |
---------------+-------------------------+-----
Fighting       | 4 5 |  5.8
Axes           | 4 5 6 7 8 |  8.2
Armour         | 3 4 5 6 7 |  7.1
Dodging        | 3 4 |  4.5
Stealth        | |  0.6

Action                   |  1- 3 |  4- 6 |  7- 9 || total
-------------------------+-------+-------+-------++-------
Melee: Hand axe          |    55 |   156 |    61 ||   272
       Headbutt          |     8 |    26 |    14 ||    48
Invok: Berserk           |     2 |     2 |     1 ||     5
       Trog's Hand       |       |     2 |     3 ||     5
  Eat: Chunk             |     4 |     3 |       ||     7
       Ration            |       |     4 |     2 ||     6
Armor: Ring mail         |    29 |       |       ||    29
       Scale mail        |       |    73 |    30 ||   103
Dodge: Dodged            |    57 |   110 |    35 ||   202
